 Dungeon Crawl Stone Soup version 0.20-a0-556-g892c87b (webtiles) character file.

96 Amnesiac the Poker (level 4, -2/33 HPs)
             Began as a Mummy Skald on Feb 4, 2017.
             Shot with a stone by a goblin (4 damage)
             ... on level 2 of the Dungeon.
             The game lasted 00:03:12 (1824 turns).

Amnesiac the Poker (Mummy Skald)                    Turns: 1824, Time: 00:03:12

Health: -2/33      AC:  3    Str: 14    XL:     4   Next: 41%
Magic:  7/8        EV: 11    Int: 12    God:
Gold:   55         SH:  0    Dex: 12    Spells: 2/8 levels left

rFire    . . .     SeeInvis .   a - +0 spear
rCold    + . .     Gourm    .   b - +0 leather armour
rNeg     + + +     Faith    .   (no shield)
rPois    ∞         Spirit   .   (no helmet)
rElec    .         Reflect  .   (no cloak)
rCorr    .         Harm     .   (no gloves)
MR       .....                  (no boots)
Stlth    +.........             (no amulet)
Regen    0.2/turn               (no ring)
                                g - ring of protection from fire

@: no status effects
A: no food or potions, fire vulnerability, cold resistance 1, negative energy
resistance 3, torment resistance, unbreathing
a: no special abilities


You were on level 2 of the Dungeon.
You were not hungry.

You visited 1 branch of the dungeon, and saw 4 of its levels.

You collected 55 gold pieces.

Inventory:

Hand Weapons
 a - a +0 spear (weapon)
Missiles
 d - 8 javelins (quivered)
Armour
 b - a +0 leather armour (worn)
Jewellery
 g - a ring of protection from fire (left hand)
Wands
 h - a wand of flame (24/48)
Scrolls
 e - a scroll of identify {unknown}
 f - a scroll of noise {unknown}
Books
 c - a book of Battle

   Spells                             Type                      Level
   a - Infusion                       Charms                       1
   b - Shroud of Golubria             Charms/Translocation         2
   c - Song of Slaying                Charms                       2
   d - Spectral Weapon                Hexes/Charms                 3
   e - Regeneration                   Charms/Necromancy            3


   Skills:
 - Level 2.0 Fighting
 - Level 3.0 Polearms
 - Level 0.7 Armour
 - Level 1.5 Dodging
 - Level 2.6 Spellcasting
 + Level 2.2 Hexes
 - Level 2.4 Charms


You had 2 spell levels left.
You knew the following spells:

 Your Spells              Type           Power        Failure   Level  Hunger
a - Song of Slaying       Chrm           #.......     21%         2    N/A
b - Spectral Weapon       Hex/Chrm       #.......     38%         3    N/A
c - Infusion              Chrm           #...         14%         1    N/A

Dungeon Overview and Level Annotations

Branches:
Dungeon (4/15)
 Temple: D:4-7

Altars:
Ru

Annotations:
D:4 Jooles's ghost, amateur DECj


Innate Abilities, Weirdness & Mutations

You do not eat or drink.
Your flesh is vulnerable to fire.
You are immune to poison.
Your flesh is cold resistant. (rC+)
You are immune to negative energy. (rN+++)
You are immune to unholy pain and torment.
You can survive without breathing.


Message History

Your spectral weapon barely misses the gnoll.
The gnoll hits you with a flail! The gnoll misses your spectral weapon.
The gnoll barely misses your spectral weapon.
There is a stone staircase leading up here.
You climb upwards.
Your summoned ally is left behind.
Your spectral weapon fades away.
The goblin shoots a stone.
The stone hits you.
* * * LOW HITPOINT WARNING * * *
The goblin shoots a stone.
The stone hits you.
* * * LOW HITPOINT WARNING * * *
There is a stone staircase leading down here.
You see here 3 stones.
The goblin shoots a stone.
The stone hits you.
* * * LOW HITPOINT WARNING * * *
You see here a stone.
A jackal comes into view.
The jackal barks!
The goblin shoots a stone.
The stone hits you.
You die...

### ..#
###.#######
#>(...g.<..
#.#@######
#+#.# ..#
.... ....#
.....#
......#
.......#


You could see a goblin.

Vanquished Creatures
  A centaur skeleton (D:4)
  A gnoll (D:3)
  An adder (D:3)
  An ooze (D:3)
  3 worms
  A dart slug (D:1)
  An orc (D:3)
  3 bats
  A giant cockroach (D:1)
  2 goblins
  3 hobgoblins
  7 jackals
  A quokka (D:2)
  4 frilled lizards
  A kobold (D:2)
  3 rats
34 creatures vanquished.

Notes
Turn   | Place    | Note
-------+----------+-------------------------------------------
     0 | D:1      | Amnesiac the Mummy Skald began the quest for the Orb.
     0 | D:1      | Reached XP level 1. HP: 16/16 MP: 4/4
   210 | D:1      | Reached skill level 2 in Polearms
   243 | D:1      | Reached XP level 2. HP: 18/22 MP: 0/5
   256 | D:1      | Learned a level 2 spell: Song of Slaying
   699 | D:2      | Reached XP level 3. HP: 27/27 MP: 0/7
   704 | D:2      | Learned a level 3 spell: Spectral Weapon
   786 | D:3      | Reached skill level 3 in Polearms
   878 | D:4      | Reached skill level 1 in Hexes
  1095 | D:4      | Noticed Jooles's ghost (amateur DECj)
  1197 | D:3      | Reached XP level 4. HP: 26/33 MP: 5/8
  1771 | D:3      | Found a sacrificial altar of Ru.
  1824 | D:2      | Shot with a stone by a goblin

Vault maps used:
D:1:      evilmike_arrival_rings
D:2:      dancing_weapons_uskayaw, first_bread, grunt_ministairs_11
D:3:      nicolae_ru_the_path_less_chosen, okawaru_altar_gauntlet_db
D:4:      minmay_temple_entry_crystal_x

Skill      XL: |  1  2  3  4 |
---------------+-------------+-----
Polearms       | 2 3 |  3.0
Hexes          | 1 2 |  2.2
Fighting       | |  2.0
Armour         | |  0.7
Dodging        | |  1.5
Spellcasting   | |  2.6
Charms         | |  2.4

Action                   |  1- 3 |  4- 6 || total
-------------------------+-------+-------++-------
Melee: Spear             |    78 |    44 ||   122
 Cast: Infusion          |    17 |       ||    17
       Spectral Weapon   |       |     6 ||     6
Armor: Leather armour    |    11 |     7 ||    18
Dodge: Dodged            |    26 |    20 ||    46
